 Dungeon Crawl Stone Soup version 0.31.0-11-ge490571c62 (webtiles) character file.

Game seed: 9359047393153515769

1131 Arcadio the Trooper (level 8, -7/51 HPs)
             Began as a Gargoyle Gladiator on Jan 31, 2024.
             Was a Follower of the Shining One.
             Splashed by a jelly's acid (10 damage)
             ... on level 5 of the Dungeon.
             The game lasted 00:10:17 (4837 turns).

Arcadio the Trooper (Gargoyle Gladiator)            Turns: 4837, Time: 00:10:19

Health: -7/51      AC: 12    Str: 21    XL:     8   Next: 36%
Magic:  8/8        EV: 10    Int:  8    God:    the Shining One [*.....]
Gold:   208        SH:  4    Dex: 11    Spells: 7/7 levels left

rFire   . . .        t - +0 hammer (heavy)
rCold   . . .        o - +0 buckler
rNeg    + . .        f - +0 scale mail
rPois   ∞            n - +0 helmet
rElec   +            s - +0 cloak
rCorr   .            B - +0 pair of gloves
SInv    .            (no boots)
Will    .....        (no amulet) Stlth
                     (no ring)
HPRegen 0.28/turn    (no ring)
MPRegen 0.11/turn

%: no passive effects
@: on fire, corroded, glowing
A: sickness immunity, AC +5, negative energy resistance 1, electricity
resistance, torment resistance 1, petrification resistance
a: Renounce Religion, Divine Shield


You were on level 5 of the Dungeon.
You worshipped the Shining One.
The Shining One was aware of your devotion.
You visited 1 branch of the dungeon, and saw 5 of its levels.

You collected 208 gold pieces.

Inventory:

Hand Weapons
 a - a +0 quarterstaff
 t - a +0 heavy hammer (weapon)
Missiles
 d - 3 throwing nets (quivered)
 e - a javelin
Armour
 b - a +0 leather armour
 c - a +0 helmet
 f - a +0 scale mail (worn)
 n - a +0 helmet (worn)
 o - a +0 buckler (worn)
 s - a +0 cloak (worn)
 B - a +0 pair of gloves (worn)
Wands
 q - a wand of flame (25)
 w - a wand of polymorph (8)
Scrolls
 g - a scroll of revelation {unknown}
 h - a scroll of teleportation {unknown}
 k - a scroll of torment
 l - 2 scrolls of amnesia {unknown}
 r - a scroll of identify
 v - a scroll of brand weapon {unknown}
 x - a scroll of fog {unknown}
 y - a scroll of immolation {unknown}
Potions
 i - a potion of invisibility
 p - a potion of enlightenment {unknown}
 u - a potion of cancellation {unknown}
 z - a potion of might {unknown}
 A - a potion of curing {unknown}
 C - a potion of haste {unknown}


   Skills:
 + Level 6.2 Fighting
 + Level 4.4(5.2) Maces & Flails
 - Level 3.9(4.9) Staves
 - Level 1.7 Throwing
 + Level 5.6 Armour
 - Level 2.4 Dodging
 + Level 2.4 Shields


You had 7 spell levels left.
You didn't know any spells.
Your spell library contained the following spells:

 Spells                   Type           Power      Damage    Failure   Level
 Brom's Barrelling Bould  Conj/Erth      0%         2d3       100%        4
 Fireball                 Conj/Fire      0%         3d3       100%        5
 Iskenderun's Battlesphe  Conj           0%         2d6       100%        5
 Conjure Ball Lightning   Conj/Air       0%         3x3d6     100%        6
 Orb of Destruction       Conj           0%         9d5       100%        7


Dungeon Overview and Level Annotations

Branches:
Dungeon (5/15)
 Temple: D:4-7

Altars:
Gozag
Makhleb
Yredelemnul
The Shining One

Shops:
D:3 [

Annotations:
D:5 Nonseq's ghost, weakling DsDe


Innate Abilities, Weirdness & Mutations

You are immune to sickness and miasma.
Your stone body is resilient. (AC +5)
You are immune to poison.
You resist negative energy. (rN+)
You are resistant to electric shocks. (rElec)
You are resistant to unholy torment.
You are immune to petrification.


Message History

You thump the orc priest!
You kill the orc priest!
The Shining One accepts your kill. The jelly misses you.
The bombardier beetle bites you but does no damage.
You hit the bombardier beetle but do no damage.
The jelly hits you. The acid corrodes you!
You are splashed with acid!
The jelly hits you but does no damage.
You block the bombardier beetle's attack.
You sock the bombardier beetle!
The bombardier beetle is heavily wounded.
The jelly barely misses you.
The bombardier beetle sprays incendiary fluid at you.
The burning spray hits you.
You are covered in liquid fire!
The jelly closely misses you.
You sock the bombardier beetle!
You kill the bombardier beetle!
The liquid fire burns you! The jelly hits you but does no damage.
The jelly closely misses you. Nonseq's ghost closely misses you.
You hit Nonseq's ghost.
Nonseq's ghost is moderately damaged.
The liquid fire burns you! The jelly hits you but does no damage.
Nonseq's ghost barely misses you.
You barely miss Nonseq's ghost.
Nonseq's ghost is moderately damaged.
The liquid fire burns you! The jelly closely misses you.
Nonseq's ghost closely misses you. The jelly hits you but does no damage.
Nonseq's ghost hits you but does no damage.
You hit Nonseq's ghost.
Nonseq's ghost is heavily damaged.
The liquid fire burns you! The jelly hits you.
You are splashed with acid!
* * * LOW HITPOINT WARNING * * *
Nonseq's ghost barely misses you. The jelly hits you.
* * * LOW HITPOINT WARNING * * *
You are splashed with acid!
You die...

...##..##
#........#
##.###..#
#........#
##.####.##
#.....####
#....##..###
#..####
'.†..###...#
#.#### #....#
###.# #....#
#....# #.#
#.##.#### #....#
#.## ##.J.....#
#....# #..#
#.@W.....# #....#
##.###.##'''###
#....#
#..#.##$..$$##
#....#
#####..>#∩.$_...#
#....#
#....)#.#8..8..8#
######
#.###)#.#.$$.$..#
#.#.#.#.##.8∩8∩##
#.#<..#.########
#.#####(#


You could see a jelly and Nonseq's ghost.

Vanquished Creatures
  Duvessa (D:5)
  An ice beast (D:5)
  An ogre (D:5)
  A phantom (D:4)
  2 scorpions (D:4)
  Dowan (D:5)
  4 orc priests
  2 bombardier beetles (D:5)
  Crazy Yiuf (D:2)
  3 iron imps (D:4)
  Natasha (thrice) (D:2)
  An iguana (D:4)
  3 orc wizards (D:4)
  4 adders
  A dart slug (D:4)
  2 ribbon worms (D:3)
  14 orcs
  2 bats (D:1)
  4 endoplasms
  7 giant cockroaches
  10 goblins
  10 hobgoblins
  2 jackals (D:2)
  8 quokkas
  3 ball pythons
  6 kobolds
  10 rats
107 creatures vanquished.

Notes
Turn   | Place    | Note
-------+----------+-------------------------------------------
     0 | D:1      | Arcadio the Gargoyle Gladiator began the quest for the Orb.
     0 | D:1      | Reached XP level 1. HP: 12/12 MP: 1/1
   225 | D:1      | Reached XP level 2. HP: 13/18 MP: 2/2
   238 | D:1      | Reached skill level 1 in Armour
   943 | D:2      | Reached XP level 3. HP: 22/22 MP: 3/3
  1012 | D:2      | Reached skill level 3 in Fighting
  1043 | D:2      | Found a runed translucent door.
  1044 | D:2      | Noticed Crazy Yiuf
  1161 | D:2      | Found a faded altar of an unknown god.
  1203 | D:2      | Noticed Natasha
  1225 | D:2      | Killed Natasha
  1226 | D:2      | Reached XP level 4. HP: 5/28 MP: 4/4
  1598 | D:2      | Noticed Natasha
  1611 | D:2      | Killed Natasha
  1901 | D:2      | Noticed Natasha
  1944 | D:2      | Killed Natasha
  1945 | D:2      | Reached XP level 5. HP: 23/33 MP: 5/5
  2017 | D:2      | Killed Crazy Yiuf
  2018 | D:2      | Reached skill level 1 in Maces & Flails
  2121 | D:3      | Found Orphom's Antique Armour Boutique.
  2151 | D:3      | Found a glowing golden altar of the Shining One.
  2153 | D:3      | Noticed an angel
  2226 | D:3      | Became a worshipper of the Shining One
  2235 | D:3      | Found a basalt altar of Yredelemnul.
  2281 | D:3      | Reached skill level 4 in Fighting
  2914 | D:4      | Noticed a phantom
  2928 | D:4      | Killed a phantom
  2929 | D:4      | Reached XP level 6. HP: 35/39 MP: 6/6
  3430 | D:4      | Identified the +3 war axe of Chaos {vamp, Dex+6}
  3554 | D:4      | Reached skill level 5 in Fighting
  3554 | D:4      | Reached XP level 7. HP: 35/44 MP: 7/7
  3667 | D:4      | Found a burning altar of Makhleb.
  3667 | D:4      | Reached * piety under the Shining One
  4174 | D:5      | Entered Level 5 of the Dungeon
  4210 | D:5      | Found a runed translucent gate.
  4210 | D:5      | Found a runed translucent gate.
  4210 | D:5      | Found a runed translucent gate.
  4211 | D:5      | Found an opulent altar of Gozag.
  4212 | D:5      | Noticed Nonseq's ghost (weakling DsDe)
  4397 | D:5      | Reached skill level 5 in Armour
  4397 | D:5      | Reached skill level 1 in Shields
  4567 | D:5      | Noticed Duvessa
  4567 | D:5      | Noticed Dowan
  4583 | D:5      | Killed Duvessa
  4584 | D:5      | Reached skill level 6 in Fighting
  4584 | D:5      | Reached XP level 8. HP: 51/51 MP: 8/8
  4585 | D:5      | Killed Dowan
  4837 | D:5      | Splashed by a jelly's acid

Illustrated notes

Levels and vault maps discovered:
D:1:      evilmike_arrival_crescent, layout_loops_ring
D:2:      layout_loops_ring, shapermc_ecumenical_altar_ellora,
          uniq_crazy_yiuf_cottage, uniq_natasha
D:3:      layout_basic, grunt_temple_overflow_holy_war, serial_shops, shop,
          gup_sewer_entry_bowl
D:4:      layout_basic, demons_altar
D:5:      layout_basic, ebering_ghost_gozag, uniq_duvessa

Skill      XL: |  1  2  3  4  5  6  7  8 |
---------------+-------------------------+-----
Armour         | 1 2 3 4 5 |  5.6
Fighting       | 3 4 5 6 |  6.2
Maces & Flails | 2 4 |  4.4
Shields        | 1 2 |  2.4
Staves         | |  3.9
Throwing       | |  1.7
Dodging        | |  2.4

Action                     |  1- 3 |  4- 6 |  7- 9 || total
---------------------------+-------+-------+-------++-------
  Melee: Quarterstaff      |   105 |    50 |       ||   155
         Mace              |       |   128 |    69 ||   197
         Punch             |       |     1 |       ||     1
    Use: Scroll            |       |     1 |     3 ||     4
         Potion            |       |       |     1 ||     1
 Armour: Scale mail        |    62 |   160 |    66 ||   288
  Dodge: Dodged            |    61 |   102 |    41 ||   204
  Block: Buckler           |       |       |     4 ||     4
